 Dungeon Crawl Stone Soup version 0.25.1-2-g60ff931df9 (webtiles) character file.

Game seed: 10460814799269687877

321 Erymatos the Chopper (level 6, -6/57 HPs)
             Began as a Minotaur Berserker on Oct 31, 2020.
             Was a Believer of Trog.
             Killed by divine providence
             ... invoked by an orc priest
              (11 damage)
             ... on level 3 of the Dungeon.
             The game lasted 00:02:29 (2020 turns).

Erymatos the Chopper (Minotaur Berserker)           Turns: 2020, Time: 00:02:30

Health: -6/57      AC:  2    Str: 24    XL:     6   Next: 22%
Magic:  5/5        EV: 13    Int:  4    God:    Trog [**....]
Gold:   64         SH:  0    Dex:  9    Spells: 5/5 levels left

rFire    . . .     SeeInvis .   a - +0 hand axe
rCold    . . .     Gourm    .   (no shield)
rNeg     . . .     Faith    .   b - +0 animal skin
rPois    .         Spirit   .   (helmet restricted)
rElec    .         Reflect  .   (no cloak)
rCorr    .         Harm     .   (no gloves)
MR       .....                  (no boots)
Stlth    +.........             (no amulet)
HPRegen  0.19/turn              (no ring)
MPRegen  0.09/turn              (no ring)

@: berserk cooldown, slowed, very slow
A: retaliatory headbutt, horns 2
a: Berserk, Trog's Hand, Renounce Religion


You were on level 3 of the Dungeon.
You worshipped Trog.
Trog was pleased with you.
You were very hungry.

You visited 1 branch of the dungeon, and saw 3 of its levels.

You collected 64 gold pieces.

Inventory:

Hand Weapons
 a - a +0 hand axe (weapon)
Armour
 b - a +0 animal skin (worn)
Jewellery
 m - an uncursed ring of ice
Wands
 h - a wand of flame (16)
Scrolls
 d - a scroll of teleportation {unknown}
 f - 3 scrolls of identify {unknown}
 i - a scroll of blinking {unknown}
 k - a scroll of enchant weapon {unknown}
 n - a scroll of remove curse {unknown}
 o - a scroll of fear {unknown}
Potions
 e - 2 potions of curing {unknown}
 j - a potion of brilliance {unknown}
 l - a potion of stabbing {unknown}
Comestibles
 c - 5 rations
 g - 6 chunks of flesh


   Skills:
 + Level 5.6 Fighting
 + Level 6.2 Axes
 + Level 2.9 Armour
 + Level 3.6 Dodging


You had 5 spell levels left.
You didn't know any spells.
Your spell library was empty.

Dungeon Overview and Level Annotations

Branches:
Dungeon (3/15)

Altars:


Innate Abilities, Weirdness & Mutations

You reflexively headbutt those who attack you in melee.
You have a pair of horns on your head.


Message History

The orc closely misses you. You furiously retaliate!
You headbutt the orc, but do no damage.
Items here: ))))) [[[ ††† Unknown command.
You hit the orc. Your headbutt misses the orc.
The orc is severely wounded.
The orc closely misses you. You furiously retaliate!
You headbutt the orc.
You kill the orc!
Trog accepts your kill.
The orc priest looks encouraged for a moment.
Unknown command.
You closely miss the hobgoblin. The hobgoblin hits you.
* * * LOW HITPOINT WARNING * * *
The hobgoblin hits you.
* * * LOW HITPOINT WARNING * * *
Unknown command.
You closely miss the hobgoblin.
The orc priest calls down the wrath of Beogh upon you.
Beogh smites you!
You die...

###........##..##......
##....).........?.......
##..#.......####.###.....
............# #.# ...
.###....##..# #.# .
#.#..# ..# #)# ###..# ..#
#)# #..# .# #)# ...# #@#
.#.# #g# .# #r#


oo# og# ...# .... ..... You could see an orc priest, 2 orcs, a quokka and 2
hobgoblins.

Vanquished Creatures
  A sky beast (D:3)
  A hound (D:3)
  An orc wizard (D:3)
  Robin (D:3)
  3 adders (D:2)
  3 gnolls (D:2)
  A howler monkey skeleton (D:2)
  3 oozes
  2 worms (D:2)
  2 dart slugs
  An orc (D:3)
  8 bats
  A giant cockroach (D:1)
  19 goblins
  10 hobgoblins
  6 kobolds
  2 frilled lizards (D:1)
  8 rats
73 creatures vanquished.

Notes
Turn   | Place    | Note
-------+----------+-------------------------------------------
     0 | D:1      | Erymatos the Minotaur Berserker began the quest for the
                  | Orb.
     0 | D:1      | Reached XP level 1. HP: 19/19 MP: 0/0
   257 | D:1      | Reached skill level 4 in Axes
   257 | D:1      | Reached XP level 2. HP: 27/27 MP: 1/1
   864 | D:1      | Reached XP level 3. HP: 26/33 MP: 2/2
  1202 | D:2      | Reached ** piety under Trog
  1202 | D:2      | Reached XP level 4. HP: 28/41 MP: 3/3
  1479 | D:2      | Reached skill level 5 in Axes
  1504 | D:2      | Reached skill level 5 in Fighting
  1699 | D:2      | Reached XP level 5. HP: 48/48 MP: 4/4
  1885 | D:3      | Noticed a sky beast
  1894 | D:3      | Killed a sky beast
  1984 | D:3      | Noticed Robin
  1999 | D:3      | Reached skill level 6 in Axes
  1999 | D:3      | Reached XP level 6. HP: 54/56 MP: 5/5
  2016 | D:3      | Killed Robin
  2020 | D:3      | Killed from afar by an orc priest

Illustrated notes

Levels and vault maps discovered:
D:1:      dpeg_arrival_subterranean_lakeside_camping, layout_basic
D:2:      layout_rooms
D:3:      layout_rooms, marbit_many_paths, first_ration, kennysheep_nondescript,
          uniq_robin, uniq_crazy_yiuf_cottage

Skill      XL: |  1  2  3  4  5 |
---------------+----------------+-----
Axes           | 4 5 6 |  6.2
Fighting       | 4 5 |  5.6
Dodging        | 3 |  3.6
Armour         | |  2.9

Action                   |  1- 3 |  4- 6 || total
-------------------------+-------+-------++-------
Melee: Hand axe          |    56 |    81 ||   137
       Headbutt          |     5 |    11 ||    16
Invok: Berserk           |       |     2 ||     2
 Stab: Sleeping          |     1 |       ||     1
  Eat: Chunk             |     1 |     3 ||     4
Armor: Animal skin       |    12 |     7 ||    19
Dodge: Dodged            |    41 |    41 ||    82
